 Dungeon Crawl Stone Soup version 0.28.0 (webtiles) character file.

Game seed: 4316862762828727374

193 Sanktem7 the Slasher (level 5, 0/48 HPs)
             Began as a Minotaur Berserker on Feb 10, 2022.
             Was a Priest of Trog.
             Slain by Edmund (12 damage)
             ... on level 4 of the Dungeon.
             The game lasted 00:05:59 (2923 turns).

Sanktem7 the Slasher (Minotaur Berserker)           Turns: 2923, Time: 00:06:00

Health: 0/48       AC:  5    Str: 23    XL:     5   Next: 43%
Magic:  4/4        EV: 11    Int:  4    God:    Trog [***...]
Gold:   140        SH:  0    Dex: 10    Spells: 4/4 levels left

rFire   . . .      SeeInvis .   a - +0 falchion
rCold   . . .      Faith    .   (no shield)
rNeg    . . .      Spirit   .   j - +0 ring mail
rPois   .          Reflect  .   (helmet restricted)
rElec   .          Harm     .   (no cloak)
rCorr   .          Rampage  .   (no gloves)
Will    .....                   (no boots)
Stlth   ..........              d - amulet of the acrobat
HPRegen 0.16/turn               (no ring)
MPRegen 0.09/turn               (no ring)

@: no status effects
A: horns 2, retaliatory headbutt
a: Renounce Religion, Berserk, Trog's Hand


You were on level 4 of the Dungeon.
You worshipped Trog.
Trog was most pleased with you.
You visited 1 branch of the dungeon, and saw 4 of its levels.

You collected 140 gold pieces.

Inventory:

Hand Weapons
 a - a +0 falchion (weapon)
Armour
 b - a +0 animal skin
 j - a +0 ring mail (worn)
 o - a +0 pair of boots
Jewellery
 d - an amulet of the acrobat (around neck)
Wands
 k - a wand of mindburst (19)
 l - a wand of paralysis (2)
Scrolls
 f - 2 scrolls of teleportation {unknown}
 g - 2 scrolls of identify {unknown}
 h - a scroll of torment {unknown}
 i - a scroll of noise {unknown}
 n - a scroll of immolation {unknown}
Potions
 c - 2 potions of curing {unknown}
 e - a potion of magic {unknown}
 m - a potion of attraction {unknown}


   Skills:
 * Level 5.0 Fighting
 * Level 5.9 Long Blades
 * Level 3.2 Armour
 + Level 2.7 Dodging


You had 4 spell levels left.
You didn't know any spells.
Your spell library was empty.

Dungeon Overview and Level Annotations

Branches:
Dungeon (4/15)
 Temple: D:4-7

Altars:
Elyvilon
Makhleb

Annotations:
D:4 Edmund


Innate Abilities, Weirdness & Mutations

You have a pair of horns on your head.
You reflexively headbutt those who attack you in melee.


Message History

Found a stone staircase leading down.
Edmund and a ball python come into view.
Edmund is wielding a +4 dire flail of protection.
Edmund shouts!
The ball python hisses angrily.
Found 11 gold pieces and a book of Spatial Translocations.
An endoplasm comes into view.
You see here a +0 pair of boots.
o - a +0 pair of boots The endoplasm quivers.
The ball python bites you. The ball python barely misses you.
You slash the ball python!
You kill the ball python!
Trog accepts your kill. Edmund misses you. You furiously retaliate!
You headbutt Edmund. You hit Edmund but do no damage.
Edmund is lightly wounded.
Edmund hits you with a +4 dire flail of protection!
You closely miss Edmund. You headbutt Edmund, but do no damage.
Edmund is lightly wounded.
Edmund closely misses you.
You slash the endoplasm!
You kill the endoplasm!
Trog accepts your kill.
Edmund hits you with a +4 dire flail of protection!
You hit Edmund but do no damage. You headbutt Edmund, but do no damage.
Edmund is lightly wounded.
Edmund says, "People will remember me!
They'll remember me and die!"
Edmund hits you with a +4 dire flail of protection!
You hit Edmund but do no damage.
Edmund is lightly wounded.
Edmund hits you with a +4 dire flail of protection.
You barely miss Edmund. You headbutt Edmund, but do no damage.
You punch Edmund, but do no damage.
Edmund is lightly wounded.
Edmund hits you with a +4 dire flail of protection.
* * * LOW HITPOINT WARNING * * *
You closely miss Edmund.
Edmund is lightly wounded.
Edmund hits you with a +4 dire flail of protection!
You die...

#####... #......#
#......#
##......####
:.......$..# ###.
........##.###...
...............#
#.....@.......#
#.....@....>.(#
#...?.........#
#...........!.#
#............##
#...........<#
#............#
#.>.$.^..!...#
##############


You could see Edmund.

Vanquished Creatures
  An orc priest (D:3)
  An orc wizard (D:2)
  5 adders
  3 worms
  2 dart slugs
  6 orcs
  10 ball pythons
  7 bats
  4 endoplasms
  2 giant cockroaches
  4 goblins
  9 hobgoblins
  5 kobolds
  3 quokkas
  3 frilled lizards
  13 rats
78 creatures vanquished.

Notes
Turn   | Place    | Note
-------+----------+-------------------------------------------
     0 | D:1      | Sanktem7 the Minotaur Berserker began the quest for the
                  | Orb.
     0 | D:1      | Reached XP level 1. HP: 19/19 MP: 0/0
    79 | D:1      | Reached XP level 2. HP: 21/27 MP: 1/1
   409 | D:1      | You fall into a shaft and drop 1 floor!
   500 | D:1      | Reached XP level 3. HP: 34/34 MP: 2/2
   667 | D:1      | Reached ** piety under Trog
   940 | D:2      | Reached XP level 4. HP: 4/41 MP: 3/3
  1479 | D:2      | Reached skill level 5 in Long Blades
  2407 | D:3      | Reached XP level 5. HP: 35/47 MP: 4/4
  2724 | D:3      | Reached skill level 5 in Fighting
  2793 | D:3      | Reached *** piety under Trog
  2837 | D:3      | Found a white marble altar of Elyvilon.
  2838 | D:3      | Found a burning altar of Makhleb.
  2909 | D:4      | Noticed Edmund
  2923 | D:4      | Slain by Edmund

Illustrated notes

Levels and vault maps discovered:
D:1:      dpeg_arrival_stone_temple_mockup, layout_loops_ring, serial_glass,
          glass_columns_a, glass_columns_b, minmay_pentomino_t4
D:2:      layout_basic
D:3:      layout_rooms, gammafunk_temple_overflow_statue
D:4:      layout_basic, uniq_menkaure, uniq_edmund

Skill      XL: |  1  2  3  4  5 |
---------------+----------------+-----
Fighting       | 4 5 |  5.0
Long Blades    | 4 5 |  5.9
Armour         | 3 |  3.2
Dodging        | |  2.7

Action                   |  1- 3 |  4- 6 || total
-------------------------+-------+-------++-------
Melee: Falchion          |    70 |   101 ||   171
       Headbutt          |     8 |    15 ||    23
       Punch             |       |     1 ||     1
 Stab: Sleeping          |     2 |       ||     2
Armor: Animal skin       |    10 |    14 ||    24
       Ring mail         |       |    13 ||    13
Dodge: Dodged            |    47 |    66 ||   113
